 Dungeon Crawl Stone Soup version 0.26-a0-818-g75db068ed4 (webtiles) character file.

Game seed: 15961552003094834746

46 jasper the Cudgeller (level 3, -1/31 HPs)
             Began as a Palentonga Warper on Nov 14, 2020.
             Killed from afar by Robin (12 damage)
             ... with a puff of flame
             ... on level 2 of the Dungeon.
             The game lasted 00:02:10 (1337 turns).

jasper the Cudgeller (Palentonga Warper)            Turns: 1337, Time: 00:02:11

Health: -1/31      AC:  6    Str: 15    XL:     3   Next: 44%
Magic:  6/6        EV: 11    Int: 13    God:
Gold:   58         SH:  0    Dex:  9    Spells: 4/6 levels left

rFire    . . .     SeeInvis +   a - +0 mace
rCold    . . .     Faith    .   (no shield)
rNeg     . . .     Spirit   .   c - +0 scale mail
rPois    .         Reflect  .   (no helmet)
rElec    .         Harm     .   (no cloak)
rCorr    .         Rampage  .   (no gloves)
MR       .....                  (no barding)
Stlth    ..........             (no amulet)
HPRegen  0.10/turn              j - +4 ring of evasion (curse)
MPRegen  0.10/turn              (no ring)

@: no status effects
A: large, rugged brown scales 3, see invisible, deformed body, roll 1, armoured
tail
a: Rolling Charge


You were on level 2 of the Dungeon.
You visited 1 branch of the dungeon, and saw 2 of its levels.

You collected 58 gold pieces.

Inventory:

Hand Weapons
 a - a +0 mace (weapon)
Missiles
 e - 4 boomerangs of dispersal
 f - 24 stones (quivered)
Armour
 b - a +0 leather armour
 c - a +0 scale mail (worn)
Jewellery
 j - a cursed +4 ring of evasion (left hand)
Scrolls
 d - a scroll of blinking
 h - 3 scrolls of identify {unknown}
 i - a scroll of teleportation {unknown}
Potions
 g - 3 potions of curing {unknown}
 k - a potion of mutation {unknown}


   Skills:
 - Level 2.1 Fighting
 + Level 3.2 Maces & Flails
 - Level 0.9 Throwing
 - Level 1.0 Armour
 - Level 1.7 Dodging
 - Level 2.1 Spellcasting
 - Level 3.0 Translocations


You had 4 spell levels left.
You knew the following spells:

 Your Spells              Type           Power        Failure   Level
a - Blink                 Tloc           N/A          41%         2

Your spell library contained the following spells:

 Spells                   Type           Power        Failure   Level
 Gell's Gravitas          Tloc           #.........   65%         3
 Lesser Beckoning         Tloc           #.........   65%         3
 Teleport Other           Tloc           #.......     65%         3
 Passage of Golubria      Tloc           N/A          96%         4


Dungeon Overview and Level Annotations

Branches:
Dungeon (2/15)

Altars:

Annotations:
D:2 Robin


Innate Abilities, Weirdness & Mutations

You are completely covered in rugged brown scales. (AC +3, +7% HP)
You have supernaturally acute eyesight. (SInv)
Armour fits poorly on your strangely shaped body.
You can roll at nearby foes to attack.
You have a long armoured tail.


Message History

The hobgoblin hits you but does no damage.
Robin says, "My goblins will feast on your bones."
The goblin misses you.
You hit the goblin.
You kill the goblin!
The hobgoblin hits you but does no damage.
The hobgoblin barely misses you.
You hit the hobgoblin.
Your tail-slap misses the hobgoblin.
The hobgoblin is severely wounded.
Robin says, "Feeling lonely?"
The hobgoblin hits you but does no damage.
You hit the hobgoblin.
You kill the hobgoblin!
Robin says, "My army is invincible!"
Robin zaps a wand.
The puff of flame hits you!
You take 8 damage, and have 11/31 hp.
MASSIVE DAMAGE!!
You hit Robin. You tail-slap Robin, but do no damage.
Robin is lightly wounded.
Robin zaps a wand.
The puff of flame hits you!
You die...

#..^..........# .#
#.##(########.# .#
#.##.# #.# .# #....#
#.# .# ######
######.#####.#
..........†...#
#########.......#
..<....######.#########
#g# #...gg@)..........
#..##..#####.#########
#g..((.# #.#
######(#####.#
#.......# #########


You could see Robin and a hobgoblin (strong).

Vanquished Creatures
  2 dart slugs (D:1)
  2 leopard geckos (D:1)
  5 bats
  A giant cockroach (D:1)
  4 hobgoblins
  3 kobolds
  A quokka (D:2)
  6 frilled lizards
  6 goblins (D:2)
  10 rats
40 creatures vanquished.

Notes
Turn   | Place    | Note
-------+----------+-------------------------------------------
     0 | D:1      | jasper the Palentonga Warper began the quest for the Orb.
     0 | D:1      | Reached XP level 1. HP: 18/18 MP: 3/3
   115 | D:1      | Reached skill level 1 in Armour
   287 | D:1      | Reached XP level 2. HP: 25/25 MP: 5/5
   311 | D:1      | Learned a level 2 spell: Blink
   801 | D:1      | Reached XP level 3. HP: 29/31 MP: 6/6
  1312 | D:2      | Noticed Robin
  1337 | D:2      | Killed from afar by Robin

Illustrated notes

Levels and vault maps discovered:
D:1:      dpeg_arrival_ratfight, layout_basic, hangedman_abyss_or_decor_stabs
D:2:      layout_basic, uniq_robin

Skill      XL: |  1  2  3 |
---------------+----------+-----
Armour         | 1 |  1.0
Maces & Flails | 3 |  3.2
Fighting       | |  2.1
Throwing       | |  0.9
Dodging        | |  1.7
Spellcasting   | |  2.1
Translocations | |  3.0

Action                   || total
-------------------------++-------
Melee: Mace              ||   104
       Tailslap          ||    14
Throw: Stone             ||     6
       Boomerang         ||     1
 Abil: Rolling Charge    ||     8
Armor: Leather armour    ||     9
       Scale mail        ||    46
Dodge: Dodged            ||    55

Table legend: (Time is in decaauts)
 A = Elapsed time spent in this place.
 B = Non-inter-level travel time spent in this place.
 C = Inter-level travel time spent in this place.
 D = Time resting spent in this place.
 E = Time spent auto-exploring this place.
 F = Levels seen in this place.
 G = Mean time per level.
                   A        B        C        D        E       F      G
               +--------+--------+--------+--------+--------+-----+--------+
         Total |   1364 |   1359 |      5 |      0 |   1112 |   2 |  682.0 |
       Dungeon |   1364 |   1359 |      5 |      0 |   1112 |   2 |  682.0 |
               +--------+--------+--------+--------+--------+-----+--------+

Top non-repeatable levels by time:
     D:1: 1061 daAuts
     D:2: 303 daAuts
